 Dungeon Crawl Stone Soup version 0.23.2 (webtiles) character file.

Game seed: 4436150940867668077

11956 Borgoz the Protected (level 11, -2/89 HPs)
             Began as a Ghoul Assassin on Apr 4, 2019.
             Was a Priest of Ashenzari.
             Killed from afar by a lindwurm (38 damage)
             ... with a blast of flame
             ... on level 4 of the Lair of Beasts.
             The game lasted 00:35:51 (12942 turns).

Borgoz the Protected (Ghoul Assassin)              Turns: 12942, Time: 00:35:51

Health: -2/89      AC: 11    Str: 16    XL:     11   Next: 85%
Magic:  10/10      EV: 12    Int:  6    God:    Ashenzari [***...]
Gold:   1122       SH:  0    Dex: 16    Spells: 9/10 levels left

rFire    . . .     SeeInvis +   j - +9 quick blade (curse)
rCold    + . .     Gourm    .   (no shield)
rNeg     + + +     Faith    .   i - +0 scale mail
rPois    ∞         Spirit   .   (no helmet)
rElec    .         Reflect  .   y - scarf {cloud immunity}
rCorr    .         Harm     .   l - +2 pair of gloves
MR       +....                  (no boots)
Stlth    ++........             (no amulet)
HPRegen  0.00/turn              e - ring of protection from magic
MPRegen  0.12/turn              c - +3 ring of dexterity

@: rotting, constricted, invisible
A: rotting body, claws 1, carnivore, cold resistance 1, negative energy
resistance 3, inhibited regeneration, torment resistance, unbreathing
a: Curse Item, Scrying, Renounce Religion


You were on level 4 of the Lair of Beasts.
You worshipped Ashenzari.
Ashenzari was most pleased with you.
You were not hungry.

You visited 3 branches of the dungeon, and saw 15 of its levels.
You also visited: Ossuary.

You collected 1182 gold pieces.
You spent 60 gold pieces at shops.

Inventory:

Hand Weapons
 j - a cursed +9 quick blade (weapon)
 L - a +0 hand crossbow
Missiles
 m - 2 needles of sleeping
 n - 18 poisoned needles
Armour
 i - a +0 scale mail (worn)
 l - a +2 pair of gloves (worn)
 y - a scarf of cloud immunity (worn)
Jewellery
 c - a +3 ring of dexterity (right hand)
 e - a ring of protection from magic (left hand)
 p - an uncursed ring of resist corrosion
 w - an uncursed ring of protection from fire
 C - an uncursed ring of stealth
 D - a +5 ring of intelligence
Wands
 a - a wand of iceblast (8)
 f - a wand of enslavement (8)
 k - a wand of flame (48)
 I - a wand of acid (10)
Scrolls
 b - a scroll of fog
 h - 7 scrolls of remove curse
 q - 3 scrolls of teleportation
 r - 2 scrolls of magic mapping
 t - 4 scrolls of enchant armour
 u - 5 scrolls of identify
 B - a scroll of fear
 E - 2 scrolls of blinking
 J - a scroll of enchant weapon
Potions
 d - a potion of might
 o - 2 potions of resistance
 s - a potion of magic
 v - a potion of cancellation
 x - a potion of invisibility
 z - a potion of flight
 F - 2 potions of brilliance
 G - 2 potions of curing
 H - 2 potions of heal wounds
Miscellaneous
 A - a sack of spiders
Comestibles
 g - 21 rations
 K - 8 chunks of flesh


   Skills:
 - Level 5.7 Fighting
 + Level 8.1(11.0) Short Blades
 - Level 5.0 Throwing
 * Level 8.6 Armour
 * Level 8.6 Dodging
 - Level 6.6 Stealth
 + Level 4.4 Hexes


You had 9 spell levels left.
You knew the following spells:

 Your Spells              Type           Power        Failure   Level  Hunger
a - Confusing Touch       Hex            #.....       24%         1    ##.....

Your spell library contained the following spells:

 Spells                   Type           Power        Failure   Level  Hunger
 Animate Skeleton         Necr           N/A          83%         1    ##.....
 Apportation              Tloc           #.....       83%         1    ##.....
 Infusion                 Chrm           #...         83%         1    ##.....
 Summon Small Mammal      Summ           #...         83%         1    ##.....
 Spectral Weapon          Hex/Chrm       #.......     88%         3    ####...
 Shroud of Golubria       Chrm/Tloc      #.........   92%         2    ###....
 Song of Slaying          Chrm           #.......     92%         2    ###....
 Sticks to Snakes         Tmut           #.......     92%         2    ###....
 Regeneration             Chrm/Necr      #.........   99%         3    ####...
 Beastly Appendage        Tmut           Unusable     N/A         1    N/A
 Spider Form              Tmut/Pois      Unusable     N/A         3    N/A
 Ice Form                 Ice/Tmut       Unusable     N/A         4    N/A
 Blade Hands              Tmut           Unusable     N/A         5    N/A

Dungeon Overview and Level Annotations

Branches:
Dungeon (10/15)            Temple (1/1) D:5            Lair (4/6) D:10
  Snake (0/4) Lair:4
  Swamp: Lair:2-4    Shoals: Lair:2-4       Orc: D:9-12

Altars:
Ashenzari
Cheibriados
Dithmenos
Elyvilon
Fedhas
Gozag
Hepliaklqana
Kikubaaqudgha
Makhleb
Nemelex Xobeh
Okawaru
Qazlal
Ru
Sif Muna
Trog
Uskayaw
Vehumet
Wu Jian
Xom
Yredelemnul
Zin
The Shining One

Shops:
D:10 ?


Innate Abilities, Weirdness & Mutations

Your body is rotting away.
You thrive on raw meat.
You are immune to poison.
You have sharp fingernails.
You are carnivorous and can eat meat at any time.
Your flesh is cold resistant. (rC+)
You are immune to negative energy. (rN+++)
You do not regenerate when monsters are visible.
You are immune to unholy pain and torment.
You can survive without breathing.


Message History

The lindwurm bites you. The lindwurm claws you.
The lindwurm completely misses you.
You closely miss the naga.
The naga is lightly wounded.
You puncture the lindwurm!
The lindwurm is moderately wounded.
You hit the lindwurm but do no damage.
The lindwurm is moderately wounded.
The naga hits you with a +0 halberd!
* * * LOW HITPOINT WARNING * * *
The naga closely misses you.
You feel much better. The naga closely misses you. The naga barely misses you.
The lindwurm completely misses you.
The lindwurm claws you but does no damage.
The lindwurm closely misses you. The naga closely misses you.
The naga grabs you. The naga constricts you.
You fade into invisibility!
The lindwurm breathes flames at you. The blast of flame hits you!!!
You die...

,
#P....................,
, P....................
,, ,
*....................
#................... ,
*..........%.........
...................#
*#................... ,
......(.###...###..
.......#..@)...# . ,
......#.NkN...# , , *
................ , ,
........>......
............... ,
....#.......#.. , * ,
....#.......#.. , , ##.
###...### * * *


You could see a lindwurm and 2 nagas.

Vanquished Creatures
  2 oklob plants
  2 black mambas (Lair:3)
  3 spiny frogs
  A rime drake (Lair:2)
  A hippogriff (Lair:4)
  8 blink frogs
  A wyvern (Lair:1)
  15 yaks
  A naga (Lair:4)
  6 water moccasins
  A porcupine (Lair:1)
  4 ice beasts
  2 phantoms
  7 centaurs
  2 ogres (D:5)
  11 crocodiles
  2 big kobolds (D:7)
  8 bullfrogs
  4 scorpions
  A wyvern skeleton (D:10)
  4 killer bees
  A wight (D:10)
  3 howler monkeys
  3 crimson imps
  8 orc priests
  A bullfrog skeleton (D:10)
  3 hounds
  An iguana (D:7)
  9 orc wizards
  6 worker ants
  8 mummies (Ossuary)
  A worker ant zombie (D:6)
  8 gnolls
  12 adders
  2 shadow imps
  An adder skeleton (D:8)
  2 worms
  3 dart slugs
  6 leopard geckos
  28 orcs
  7 bats
  5 giant cockroaches
  3 gnoll zombies (Ossuary)
  7 goblins
  8 hobgoblins
  4 jackals (D:3)
  3 quokkas
  2 ball pythons
  A ball python skeleton (D:5)
  10 frilled lizards
  A hobgoblin zombie (Ossuary)
  23 kobolds
  3 kobold zombies (Ossuary)
  An orc zombie (Ossuary)
  A quokka skeleton (D:4)
  9 rats
  9 plants (D:10)
289 creatures vanquished.

Vanquished Creatures (others)
  A plant (Lair:2)
  3 toadstools (D:1)
4 creatures vanquished.

Grand Total: 293 creatures vanquished

Notes
Turn   | Place    | Note
-------+----------+-------------------------------------------
     0 | D:1      | Borgoz the Ghoul Assassin began the quest for the Orb.
     0 | D:1      | Reached XP level 1. HP: 17/17 MP: 0/0
     7 | D:1      | Noticed a hound
     7 | D:1      | Noticed a lindwurm
     7 | D:1      | Noticed a four-headed hydra
     7 | D:1      | Noticed a polar bear
    37 | D:1      | Reached skill level 1 in Dodging
   135 | D:1      | Reached XP level 2. HP: 3/24 MP: 1/1
   141 | D:1      | Reached skill level 1 in Armour
   429 | D:1      | Reached XP level 3. HP: 16/29 MP: 2/2
   999 | D:2      | Reached XP level 4. HP: 24/37 MP: 3/3
  1580 | D:3      | Reached XP level 5. HP: 23/41 MP: 4/4
  2304 | D:4      | Reached XP level 6. HP: 50/50 MP: 5/5
  2453 | D:4      | Reached skill level 5 in Stealth
  2504 | D:4      | Found a sand-covered staircase.
  2518 | Ossuary  | Entered an ossuary
  3348 | Ossuary  | Reached XP level 7. HP: 37/56 MP: 6/6
  4309 | D:5      | Entered Level 5 of the Dungeon
  4404 | D:5      | Found a staircase to the Ecumenical Temple.
  4501 | Temple   | Entered the Ecumenical Temple
  4514 | Temple   | Became a worshipper of Ashenzari the Shackled
  4648 | D:5      | Got the uncursed ring mail of Salvation {*Corrode MR+
                  | Stlth+}
  4700 | D:5      | Reached XP level 8. HP: 57/66 MP: 7/7
  5857 | D:6      | Found an iron altar of Okawaru.
  5858 | D:6      | Found a burning altar of Makhleb.
  5858 | D:6      | Found a radiant altar of Vehumet.
  5858 | D:6      | Found a deep blue altar of Sif Muna.
  5858 | D:6      | Found a white marble altar of Elyvilon.
  5859 | D:6      | Found an ancient bone altar of Kikubaaqudgha.
  5860 | D:6      | Found an opulent altar of Gozag.
  5862 | D:6      | Found a hazy altar of Hepliaklqana.
  5881 | D:6      | Learned a level 1 spell: Confusing Touch
  6023 | D:6      | Found a shadowy altar of Dithmenos.
  6297 | D:6      | Reached skill level 5 in Short Blades
  6297 | D:6      | Reached XP level 9. HP: 26/72 MP: 8/8
  6582 | D:7      | Found an ornate altar of the Wu Jian Council.
  7014 | D:7      | Reached skill level 1 in Hexes
  7045 | D:7      | Reached skill level 5 in Armour
  7139 | D:7      | Reached skill level 5 in Dodging
  7863 | D:8      | Reached * piety under Ashenzari
  7887 | D:8      | Noticed a white ugly thing
  8043 | D:10     | Entered Level 10 of the Dungeon
  8381 | D:10     | Found Riggecuc's Magic Scroll Emporium.
  8386 | D:10     | Bought a scroll of identify for 24 gold pieces
  8386 | D:10     | Bought a scroll of teleportation for 36 gold pieces
  8645 | D:10     | Reached skill level 5 in Fighting
  9029 | D:10     | Reached XP level 10. HP: 76/81 MP: 9/9
  9090 | D:10     | Found a blossoming altar of Fedhas.
  9096 | D:10     | Identified a scroll of acquirement
  9386 | D:10     | Found a staircase to the Lair.
  9386 | D:10     | Noticed an oklob plant
  9457 | D:10     | Killed an oklob plant
  9801 | Lair:1   | Entered Level 1 of the Lair of Beasts
 10159 | Lair:1   | Reached skill level 5 in Throwing
 10488 | Lair:1   | Noticed a spiny frog
 10496 | Lair:1   | Killed a spiny frog
 10510 | Lair:1   | Noticed a spiny frog
 10513 | Lair:1   | Killed a spiny frog
 10584 | Lair:1   | Reached ** piety under Ashenzari
 10769 | Lair:2   | Noticed an oklob plant
 10799 | Lair:2   | Killed an oklob plant
 10799 | Lair:2   | Reached XP level 11. HP: 51/89 MP: 10/10
 12619 | Lair:4   | Found a glowing golden altar of the Shining One.
 12676 | Lair:4   | Reached *** piety under Ashenzari
 12924 | Lair:4   | Found a staircase to the Snake Pit.
 12925 | Lair:4   | Noticed a lindwurm
 12942 | Lair:4   | Killed from afar by a lindwurm

Skill      XL: |  1  2  3  4  5  6  7  8  9 10 11 |
---------------+----------------------------------+-----
Dodging        | 1 2 3 4 5 7 8 |  8.6
Short Blades   | 2 3 4 5 6 7 8 |  8.1
Armour         | 1 2 3 4 5 7 8 |  8.6
Throwing       | 2 3 4 5 |  5.0
Fighting       | 3 4 5 |  5.7
Stealth        | 5 6 |  6.6
Hexes          | 2 3 4 |  4.4

Action                   |  1- 3 |  4- 6 |  7- 9 | 10-12 || total
-------------------------+-------+-------+-------+-------++-------
Melee: Dagger            |    95 |   447 |  1177 |    43 ||  1762
       Quick blade       |       |       |       |   689 ||   689
Throw: Throwing net      |       |     3 |     1 |     1 ||     5
Evoke: Wand              |       |       |     4 |       ||     4
  Use: Potion            |       |     3 |     6 |     3 ||    12
       Scroll            |       |     9 |    15 |     9 ||    33
 Stab: Sleeping          |     9 |     4 |     6 |     6 ||    25
       Held in net/web   |       |     2 |     1 |     1 ||     4
       Invisible         |       |       |     5 |       ||     5
  Eat: Chunk             |    10 |    17 |    26 |    36 ||    89
Armor: Robe              |    24 |    25 |       |       ||    49
       Scale mail        |       |   128 |   327 |    55 ||   510
Dodge: Dodged            |    43 |   218 |   457 |   128 ||   846
